 Dungeon Crawl Stone Soup version 0.25.1-2-g60ff931df9 (webtiles) character file.

Game seed: 3791870410199502126

90 DildoBatman the Conjurer (level 4, -7/30 HPs)
             Began as a Formicid Wizard on Oct 16, 2020.
             Killed from afar by Sigmund (12 damage)
             ... with a puff of flame
             ... on level 2 of the Dungeon.
             The game lasted 00:08:54 (2586 turns).

DildoBatman the Conjurer (Formicid Wizard)          Turns: 2586, Time: 00:08:55

Health: -7/30      AC:  3    Str: 11    XL:     4   Next: 85%
Magic:  6/8        EV: 12    Int: 19    God:
Gold:   73         SH:  0    Dex:  9    Spells: 2/9 levels left

rFire    . . .     SeeInvis +   a - +0 hunting sling
rCold    . . .     Gourm    .   (no shield)
rNeg     . . .     Faith    .   w - +0 robe
rPois    .         Spirit   .   (helmet unavailable)
rElec    .         Reflect  .   (no cloak)
rCorr    .         Harm     .   (no gloves)
MR       .....                  o - +0 pair of boots
Stlth    +.........             (no amulet)
HPRegen  0.10/turn              (no ring)
MPRegen  0.11/turn              (no ring)

@: confused
A: permanent stasis, dig shafts and tunnels, four strong arms, antennae 3
a: Dig, Shaft Self


You were on level 2 of the Dungeon.
You were hungry.

You visited 1 branch of the dungeon, and saw 3 of its levels.

You collected 73 gold pieces.

Inventory:

Hand Weapons
 a - a +0 hunting sling (weapon)
 j - a +0 spear
 k - a +0 dagger
 m - a +2 dagger of holy wrath
Missiles
 d - 17 arrows
 l - 56 stones (quivered)
Armour
 o - a +0 pair of boots (worn)
 w - a +0 robe (worn)
 x - a +2 kite shield
Scrolls
 b - 3 scrolls of identify {unknown}
 f - 2 scrolls of amnesia {unknown}
 h - a scroll of blinking {unknown}
 n - a scroll of fog {unknown}
 p - 2 scrolls of teleportation {unknown}
 s - a scroll of enchant weapon {unknown}
 t - a scroll of enchant armour {unknown}
 u - a scroll of remove curse {unknown}
Potions
 c - a potion of heal wounds {unknown}
 e - 3 potions of curing {unknown}
 g - a potion of invisibility {unknown}
 i - a potion of haste {unknown}
 r - a potion of might {unknown}
Comestibles
 q - a chunk of flesh
 v - 4 rations


   Skills:
 - Level 1.7 Dodging
 - Level 2.4 Stealth
 - Level 3.2 Spellcasting
 * Level 3.8 Conjurations
   Level 1.0 Summonings
   Level 0.8 Translocations


You had 2 spell levels left.
You knew the following spells:

 Your Spells              Type           Power        Failure   Level  Hunger
a - Conjure Flame         Conj/Fire      ##......     21%         3    ###....
c - Magic Dart            Conj           ###.         3%          1    None
e - Mephitic Cloud        Conj/Pois/Air  #.......     26%         3    ###....

Your spell library contained the following spells:

 Spells                   Type           Power        Failure   Level  Hunger
 Call Imp                 Summ           #.......     16%         2    ##.....
 Slow                     Hex            #.......     22%         2    ##.....
 Blink                    Tloc           Unusable     N/A         2    N/A

Dungeon Overview and Level Annotations

Branches:
Dungeon (3/15)

Altars:

Annotations:
D:1 Robin, Terence
D:2 Sigmund


Innate Abilities, Weirdness & Mutations

You cannot be hasted, slowed, berserked, paralysed or teleported.
You can dig through walls and to a lower floor.
Your four strong arms can wield two-handed weapons with a shield.
You have a pair of large antennae on your head. (SInv)


Message History

Sigmund barely misses you.
Robin is engulfed in noxious fumes.
Robin appears confused.
You climb downwards.
There is a stone staircase leading up here.
Press: ? - help, v - describe, . - travel
Here: Sigmund, wielding a +0 scythe and wearing a +1 robe of fire resistance The floor.
Unknown command.
Sigmund misses you.
You feel less confused.
Sigmund hits you from afar with a +0 scythe!
Sigmund casts a spell at you. You resist with some effort.
Sigmund casts a spell at you.
You are confused.
You're too confused to move!
Sigmund points at you and mumbles some strange words.
The puff of flame hits you!
You die...

##### #.# #..... #.##
#.#### #..# #.# #
#..###### #.# #
#########...@...#####.#
#
#<......#..#<##.#.....#
#
#.#######....)........#
# #.# #..#.##.#.##..# #
#.# #@........##..# #
#.# #.............# #
#.#######........####.#
#
#.....รท...............#
#
#########..#####.######
# #..# #.# # ########..#
#.######### #.........#
#.......... ########..#
###########


You could see Sigmund.

Vanquished Creatures
  4 adders (D:2)
  An ooze (D:2)
  A worm (D:2)
  A leopard gecko (D:2)
  An orc (D:2)
  2 giant cockroaches
  13 goblins
  6 hobgoblins
  2 kobolds
  2 quokkas
  5 bats
  A frilled lizard (D:2)
  3 rats
42 creatures vanquished.

Notes
Turn   | Place    | Note
-------+----------+-------------------------------------------
     0 | D:1      | DildoBatman the Formicid Wizard began the quest for the
                  | Orb.
     0 | D:1      | Reached XP level 1. HP: 13/13 MP: 4/4
    52 | D:1      | Reached skill level 1 in Conjurations
   350 | D:1      | Reached XP level 2. HP: 19/19 MP: 1/6
   606 | D:1      | You fall into a shaft and drop 1 floor!
   710 | D:2      | Noticed Sigmund
   804 | D:2      | Noticed Terence
   864 | D:2      | Reached XP level 3. HP: 14/24 MP: 0/7
  1542 | D:2      | Reached XP level 4. HP: 30/30 MP: 1/8
  1615 | D:2      | Learned a level 3 spell: Conjure Flame
  1619 | D:2      | Learned a level 3 spell: Mephitic Cloud
  1902 | D:2      | Noticed Robin
  2586 | D:2      | Killed from afar by Sigmund

Illustrated notes

Levels and vault maps discovered:
D:1:      lemuel_arrival_rhombus, layout_loops_ring
D:2:      lemuel_upstairs_altar, layout_basic, first_ration, uniq_robin,
          uniq_sigmund, uniq_terence
D:3:      layout_rooms, grunt_temple_overflow_magic_moments,
          corexii_leaking_fountain

Skill      XL: |  1  2  3 |
---------------+----------+-----
Conjurations   | 1 2 3 |  3.8
Dodging        | |  1.7
Stealth        | |  2.4
Spellcasting   | |  3.2
Summonings     | |  1.0
Translocations | |  0.8

Action                   |  1- 3 |  4- 6 || total
-------------------------+-------+-------++-------
Melee: Unarmed           |    13 |       ||    13
       Dagger            |    20 |    11 ||    31
 Fire: Hunting sling     |       |     6 ||     6
 Cast: Magic Dart        |    57 |    38 ||    95
       Mephitic Cloud    |       |     2 ||     2
 Abil: Dig               |     3 |     4 ||     7
  Eat: Chunk             |     2 |     3 ||     5
Armor: Robe              |    19 |     3 ||    22
Dodge: Dodged            |    41 |    25 ||    66
